 Dungeon Crawl Stone Soup version 0.29-a0-284-gf9362112df (webtiles) character file.

Game seed: 15587242475238242562

44 siradein the Skirmisher (level 3, -8/33 HPs)
             Began as a Draconian Fighter on Mar 21, 2022.
             Mangled by Terence
             ... wielding a +2 flail of protection
              (10 damage)
             ... on level 2 of the Dungeon.
             The game lasted 00:02:12 (1914 turns).

siradein the Skirmisher (Draconian Fighter)         Turns: 1914, Time: 00:02:13

Health: -8/33      AC:  5    Str: 18    XL:     3   Next: 41%
Magic:  3/3        EV: 12    Int: 16    God:
Gold:   71         SH:  4    Dex: 10    Spells: 2/2 levels left

rFire   . . .      SeeInvis .   a - +0 long sword
rCold   . . .      Faith    .   b - +0 buckler
rNeg    . . .      Spirit   .   (body armour unavailable)
rPois   .          Reflect  .   (helmet restricted)
rElec   .          Harm     .   (no cloak)
rCorr   .          Rampage  .   (no gloves)
Will    .....                   (no boots)
Stlth   +.........              (no amulet)
HPRegen 0.11/turn               i - +6 ring of intelligence
MPRegen 0.08/turn               (no ring)

@: no status effects
A: AC +5, unfitting armour, cold-blooded
a: no special abilities


You were on level 2 of the Dungeon.
You visited 1 branch of the dungeon, and saw 2 of its levels.

You collected 71 gold pieces.

Inventory:

Hand Weapons
 a - a +0 long sword (weapon)
Armour
 b - a +0 buckler (worn)
Jewellery
 i - a +6 ring of intelligence (left hand)
Scrolls
 e - a scroll of magic mapping {unknown}
 g - 5 scrolls of identify {unknown}
 j - a scroll of acquirement {unknown}
 k - a scroll of immolation {unknown}
Potions
 c - a potion of might
 d - 2 potions of brilliance {unknown}
 f - 2 potions of degeneration {unknown}
 h - 2 potions of flight {unknown}


   Skills:
 + Level 3.7 Fighting
 + Level 2.5 Long Blades
 + Level 3.1 Dodging
 + Level 3.4 Shields


You had 2 spell levels left.
You didn't know any spells.
Your spell library was empty.

Dungeon Overview and Level Annotations

Branches:
Dungeon (2/15)

Altars:

Annotations:
D:2 Terence


Innate Abilities, Weirdness & Mutations

Your plain brown scales are hard. (AC +5)
You cannot fit into any form of body armour.
You are cold-blooded and may be slowed by cold attacks.


Message History

An adder is nearby!
An adder is nearby!
Terence the Incautious comes into view.
He is wielding a +2 flail of protection and wearing a +2 scale mail of fire resistance.
Terence shouts!
The adder hisses angrily.
Found a chain mail.
The adder bites you but does no damage.
You slash the adder!
The adder is almost dead.
The adder bites you but does no damage. x2
You hit the adder.
You kill the adder!
Terence hits you with a +2 flail of protection.
You block Terence's attack. Terence attacks as you move away!
Terence hits you with a +2 flail of protection!
You hit Terence.
You tail-slap Terence, but do no damage.
Terence is lightly wounded.
Terence misses you.
You hit Terence but do no damage.
Terence is lightly wounded.
Terence hits you with a +2 flail of protection.
You hit Terence.
Terence is moderately wounded.
Terence hits you with a +2 flail of protection!
* * * LOW HITPOINT WARNING * * *
You hit Terence.
Terence is heavily wounded.
Terence barely misses you. x2
You barely miss Terence.
Terence is heavily wounded.
Terence misses you.
You closely miss Terence.
Terence is heavily wounded.
Terence closely misses you.
You hit Terence but do no damage.
Terence is heavily wounded.
Terence hits you with a +2 flail of protection.
* * * LOW HITPOINT WARNING * * *
Terence hits you with a +2 flail of protection!
You die...

#.##># #.##.# #....#
#.#### #.# ##.######
#.......#
##.####.#########...
#.# #...@@........
#.# #######.#.####
#.# .# #.# [# #.# ##
#.#


You could see Terence.

Vanquished Creatures
  2 adders (D:2)
  2 dart slugs (D:2)
  An endoplasm (D:1)
  A giant cockroach (D:1)
  3 jackals (D:1)
  6 kobolds
  A quokka (D:1)
  3 bats
  2 frilled lizards
  A rat (D:2)
22 creatures vanquished.

Notes
Turn   | Place    | Note
-------+----------+-------------------------------------------
     0 | D:1      | siradein the Draconian Fighter began the quest for the Orb.
     0 | D:1      | Reached XP level 1. HP: 19/19 MP: 1/1
   599 | D:1      | Reached XP level 2. HP: 26/26 MP: 2/2
  1177 | D:1      | Found a faded altar of an unknown god.
  1556 | D:2      | Reached XP level 3. HP: 20/31 MP: 3/3
  1901 | D:2      | Noticed Terence
  1914 | D:2      | Mangled by Terence

Illustrated notes

Levels and vault maps discovered:
D:1:      kennysheep_arrival_forest, layout_basic,
          shapermc_ecumenical_altar_petra, minmay_domino_4
D:2:      layout_loops_ring, hangedman_decor_points, uniq_robin, uniq_terence,
          uniq_sigmund

Skill      XL: |  1  2 |
---------------+-------+-----
Dodging        | 3 |  3.1
Fighting       | |  3.7
Long Blades    | |  2.5
Shields        | |  3.4

Action                   || total
-------------------------++-------
Melee: Long sword        ||   107
       Tailslap          ||     7
Armor: Skin              ||    35
Dodge: Dodged            ||    68
Block: Buckler           ||    33

Table legend: (Time is in decaauts)
 A = Elapsed time spent in this place.
 B = Non-inter-level travel time spent in this place.
 C = Inter-level travel time spent in this place.
 D = Time resting spent in this place.
 E = Time spent auto-exploring this place.
 F = Levels seen in this place.
 G = Mean time per level.
                   A        B        C        D        E       F      G
               +--------+--------+--------+--------+--------+-----+--------+
         Total |   1949 |   1931 |     18 |    345 |   1337 |   2 |  974.5 |
       Dungeon |   1949 |   1931 |     18 |    345 |   1337 |   2 |  974.5 |
               +--------+--------+--------+--------+--------+-----+--------+

Top non-repeatable levels by time:
     D:1: 1551 daAuts
     D:2: 397 daAuts
